 Dungeon Crawl Stone Soup version 0.18.1-48-g4cf74bf (webtiles) character file.

98 Heedrag the Sneak (level 5, -3/30 HPs)
             Began as a Kobold Assassin on Aug 4, 2016.
             Slain by a hound (5 damage)
             ... on level 3 of the Dungeon.
             The game lasted 00:03:47 (1699 turns).

Heedrag the Sneak (Kobold Assassin)                 Turns: 1699, Time: 00:03:48

Health: -3/30      AC:  3    Str:  9    XL:     5   Next: 1%
Magic:  5/5        EV: 15    Int: 10    God:
Gold:   85         SH:  0    Dex: 18    Spells: 0 memorised, 4 levels left

rFire  . . .     SeeInvis .     a - +2 dagger
rCold  . . .     Gourm    .     c - +0 robe
rNeg   . . .     Faith    .     (shield restricted)
rPois  .         Spirit   .     (no helmet)
rElec  .         Dismiss  .     d - +0 cloak
rCorr  .         Reflect  .     (no gloves)
SustAt .         Harm     .     (no boots)
MR     .....                    (no amulet)
Stlth  ++++......               (no ring)
                                (no ring)

@: not resistant to hostile enchantments, stealthy
A: carnivore 3
a: no special abilities


You were on level 3 of the Dungeon.
You were completely stuffed.

You visited 1 branch of the dungeon, and saw 4 of its levels.

You collected 85 gold pieces.

Inventory:

Hand Weapons
 a - a +2 dagger (weapon)
 b - a +0 blowgun
 o - a +3 dagger
Missiles
 e - 8 poisoned needles
 f - 2 curare-tipped needles
Armour
 c - a +0 robe (worn)
 d - a +0 cloak (worn)
Scrolls
 h - 3 scrolls of identify {unknown}
 j - 2 scrolls of enchant armour {unknown}
 k - a scroll of recharging {unknown}
 n - 2 scrolls of remove curse {unknown}
 r - a scroll of teleportation {unknown}
 u - a scroll of fog {unknown}
Potions
 i - 2 potions of curing
 l - a potion of mutation {unknown}
 m - 2 potions of ambrosia {unknown}
 p - a potion of might {unknown}
 q - a potion of lignification {unknown}
 s - a potion of cancellation {unknown}
 v - a potion of degeneration {unknown}
Comestibles
 g - a meat ration
 t - 3 chunks of flesh
 w - a slice of pizza


   Skills:
 - Level 2.1 Fighting
 + Level 3.9 Short Blades
 + Level 2.8 Throwing
 + Level 2.1 Dodging
 * Level 6.8 Stealth


You had 4 spell levels left.
You didn't know any spells.

Dungeon Overview and Level Annotations

Branches:
Dungeon (4/15)
 Temple: D:4-7

Altars:
Elyvilon
Kikubaaqudgha
Okawaru
Trog
Xom

Shops:
D:4 [[


Innate Abilities, Weirdness & Mutations

You are small and have problems with some larger weapons.
You are carnivorous and can eat meat at any time.


Message History

Ye miss tha hound.
Tha hound bites ye.
Ye closely miss tha hound.
Tha hound bites ye.
* * * LOW HITPOINT WARNIN'
* * * Ye closely miss tha hound.
Tha hound misses ye.
Ye hit tha hound.
Tha hound be lightly wounded.
Tha hound bites ye.
* * * LOW HITPOINT WARNIN'
* * * Tha hound closely misses ye.
Ye closely miss tha hound.
Tha hound bites ye.
* * * LOW HITPOINT WARNIN'
* * * Ye hit tha hound but do nay damage.
Tha giant newt barely misses ye.
Tha hound misses ye.
Ye closely miss tha hound.
Tha hound closely misses ye.
Tha giant newt barely misses ye.
Ye hit tha hound but do nay damage.
Tha hound bites ye.
* * * LOW HITPOINT WARNIN'
* * * Tha giant newt closely misses ye.
Tha hound bites ye.
Ye die...

#.###.###..###
#......).....##
#..###...###..###
#.# #..#.# ##...#
#.###.##.# #.....
#.##..##.# #.##.# #
#.#..###..... #.#
####?###.#.#.....###
#..
#....!h@.?...##.##
### #.##.l##...####
##.#...## #....##
...... ##..#.#
...#.# ..#....


You could see a hound and a giant newt.

Vanquished Creatures
  5 adders
  2 oozes
  An adder skeleton (D:4)
  A worm (D:4)
  3 dart slugs (D:1)
  An orc (D:3)
  A ball python (D:4)
  2 giant cockroaches (D:1)
  3 goblins
  6 hobgoblins
  2 kobolds (D:1)
  4 bats
  4 giant newts
35 creatures vanquished.

Notes
Turn   | Place    | Note
--------------------------------------------------------------
     0 | D:1      | Heedrag the Kobold Assassin began the quest for the Orb.
     0 | D:1      | Reached XP level 1. HP: 12/12 MP: 1/1
   104 | D:1      | Reached XP level 2. HP: 11/17 MP: 2/2
   290 | D:1      | Reached XP level 3. HP: 17/21 MP: 3/3
   376 | D:1      | Reached skill level 6 in Stealth
   756 | D:2      | Found a shimmering altar of Xom.
  1076 | D:2      | You fall through a shaft for 2 floors!
  1084 | D:4      | Found Lotuan's Antique Armour Shoppe.
  1107 | D:4      | Found Poohantysm's Armour Shop.
  1148 | D:4      | Noticed a centaur
  1193 | D:4      | Reached XP level 4. HP: 26/26 MP: 4/4
  1332 | D:4      | Found an ancient bone altar of Kikubaaqudgha.
  1334 | D:4      | Found a white marble altar of Elyvilon.
  1486 | D:4      | Found a bloodstained altar of Trog.
  1494 | D:4      | Found an iron altar of Okawaru.
  1563 | D:4      | Noticed a phantom
  1670 | D:3      | Reached XP level 5. HP: 9/30 MP: 5/5
  1699 | D:3      | Slain by a hound

Skill      XL: |  1  2  3  4 |
---------------+-------------+-----
Short Blades   | 3 |  3.9
Stealth        | 6 |  6.8
Dodging        | 2 |  2.1
Fighting       | |  2.1
Throwing       | |  2.8

Action                   |  1- 3 |  4- 6 || total
-------------------------+-------+-------++-------
Melee: Dagger            |    81 |    44 ||   125
  Use: Potion            |       |     1 ||     1
 Stab: Sleeping          |    10 |     5 ||    15
       Distracted        |     1 |       ||     1
  Eat: Chunk             |     9 |     2 ||    11
Armor: Robe              |     6 |     5 ||    11
Dodge: Dodged            |    44 |    25 ||    69
